 Dungeon Crawl Stone Soup version 0.24.0-35-gdb84b6a5db (webtiles) character file.

Game seed: 4058054096500135726, levelgen mode: deterministic

35 Iamsoldier the Ruffian (level 3, -7/29 HPs)
             Began as a Draconian Transmuter on Nov 19, 2019.
             Was an Initiate of Qazlal.
             Shot with an arrow by a centaur (8 damage)
             ... on level 3 of the Dungeon.
             The game lasted 00:03:57 (1795 turns).

Iamsoldier the Ruffian (Draconian Transmuter)       Turns: 1795, Time: 00:03:58

Health: -7/29      AC:  2    Str: 12    XL:     3   Next: 16%
Magic:  1/6        EV: 20    Int: 14    God:    Qazlal [......]
Gold:   16         SH:  0    Dex: 16    Spells: 0/6 levels left

rFire    . . .     SeeInvis .     - Unarmed
rCold    . . .     Gourm    .   (shield currently unavailable)
rNeg     . . .     Faith    .   (armour unavailable)
rPois    x         Spirit   .   (helmet currently unavailable)
rElec    .         Reflect  .   (cloak currently unavailable)
rCorr    .         Harm     .   (gloves currently unavailable)
MR       .....                  (boots currently unavailable)
Stlth    +.........             (no amulet)
HPRegen  0.09/turn              (no ring)
MPRegen  0.10/turn              (no ring)

@: spider-form (expiring)
A: tiny, unfitting armour, AC +5
a: End Transformation, Renounce Religion


You were on level 3 of the Dungeon.
You worshipped Qazlal.
Qazlal was noncommittal.
You were not hungry.
You were a venomous arachnid creature.
You visited 1 branch of the dungeon, and saw 3 of its levels.

You collected 16 gold pieces.

Inventory:

Missiles
 a - 28 arrows
Armour
 g - a +0 cloak (melded)
Jewellery
 i - an uncursed ring of fire {unknown}
Scrolls
 b - 3 scrolls of identify
 d - a scroll of remove curse {unknown}
 f - a scroll of teleportation {unknown}
 h - a scroll of fear {unknown}
Potions
 e - 2 potions of cancellation
 k - a potion of berserk rage {unknown}
Comestibles
 c - 6 rations
 j - a chunk of flesh


   Skills:
 + Level 1.7 Fighting
 + Level 2.1 Dodging
 + Level 3.3 Unarmed Combat
 + Level 2.3 Spellcasting
 + Level 2.3 Transmutations
 * Level 0.0 Poison Magic


You couldn't memorise any spells.
You knew the following spells:

 Your Spells              Type           Power        Failure   Level  Hunger
a - Beastly Appendage     Tmut           #.....       22%         1    #......
b - Spider Form           Tmut/Pois      #.........   61%         3    ###....
c - Sticks to Snakes      Tmut           #.......     30%         2    ###....

Your spell library contained the following spells:

 Spells                   Type           Power        Failure   Level  Hunger
 Ice Form                 Ice/Tmut       #.......     92%         4    #####..
 Blade Hands              Tmut           #.........   98%         5    ######.


Dungeon Overview and Level Annotations

Branches:
Dungeon (3/15)

Altars:
Qazlal


Innate Abilities, Weirdness & Mutations

((Your plain brown scales are hard. (AC +5)))
You cannot fit into any form of body armour.
((You are cold-blooded and may be slowed by cold attacks.))


Message History

Your +0 cloak melds into your body.
The centaur shouts!
The centaur hits you! The centaur closely misses you.
Casting: Spider Form (quite dangerous; 61% risk of failure)
Confirm with . or Enter, or press ? or * to list all spells.
You create a snake!
You now have 28 arrows.
The centaur hits you.
Casting: Sticks to Snakes (safe; 30% risk of failure)
Confirm with . or Enter, or press ? or * to list all spells.
You don't have enough magic to cast that spell.
Your transformation is almost over.
The centaur wields a cursed -2 shortbow.
The centaur shoots an arrow.
The arrow hits you!
* * * LOW HITPOINT WARNING * * *
You see here an arrow.
The centaur shoots an arrow.
The arrow hits you.
* * * LOW HITPOINT WARNING * * *
Your ball python bites the centaur but does no damage.
You see here an arrow.
The centaur shoots an arrow.
The arrow hits you!
You die...

#...#....#.############
#...#....#.#.....#
#........#.......#
#..........#.########
###..##.#...........#
##.##.#..##.#..##.#
#.##..........#
#..#######.#.#####
##).......s(.(S...#
#<...#####.###c##.#
###..# #.....# ...#
####### #..# ..# .>#
... ###


You could see a centaur and a friendly ball python.

Vanquished Creatures
  A dart slug (D:1)
  4 orcs (D:3)
  A ball python (D:2)
  A bat (D:1)
  A giant cockroach (D:1)
  2 goblins
  5 hobgoblins
  4 jackals (D:1)
  A frilled lizard (D:1)
  2 kobolds
  3 rats
25 creatures vanquished.

Notes
Turn   | Place    | Note
-------+----------+-------------------------------------------
     0 | D:1      | Iamsoldier the Draconian Transmuter began the quest for the
                  | Orb.
     0 | D:1      | Reached XP level 1. HP: 16/16 MP: 3/3
   385 | D:1      | Reached XP level 2. HP: 18/23 MP: 3/5
  1238 | D:2      | Noticed a fire elemental
  1240 | D:2      | Found a stormy altar of Qazlal.
  1241 | D:2      | Noticed an earth elemental
  1241 | D:2      | Noticed an air elemental
  1241 | D:2      | Noticed a water elemental
  1246 | D:2      | Became a worshipper of Qazlal Stormbringer
  1658 | D:3      | Reached XP level 3. HP: 24/29 MP: 4/6
  1678 | D:3      | Learned a level 3 spell: Spider Form
  1681 | D:3      | Learned a level 2 spell: Sticks to Snakes
  1789 | D:3      | Noticed a centaur
  1794 | D:3      | HP: 1/29 [centaur/arrow (6)]
  1795 | D:3      | Shot with an arrow by a centaur

Levels and vault maps discovered:
D:1:      dpeg_arrival_lava_temple_mockup, layout_basic
D:2:      layout_basic, nicolae_qazlal_style_of_elements, serial_park_tiny_2
D:3:      layout_basic, lemuel_round_altar, first_ration,
          kennysheep_generic_room_4, uniq_terence

Skill      XL: |  1  2 |
---------------+-------+-----
Dodging        | 2 |  2.1
Fighting       | |  1.7
Unarmed Combat | |  3.3
Spellcasting   | |  2.3
Transmutations | |  2.3

Action                   || total
-------------------------++-------
Melee: Unarmed           ||    85
       Tailslap          ||     8
       Kick              ||     2
       Headbutt          ||     3
 Cast: Beastly Appendage ||     9
       Spider Form       ||     1
       Sticks to Snakes  ||     1
  Use: Scroll            ||     1
  Eat: Chunk             ||     3
Armor: Skin              ||    27
Dodge: Dodged            ||    61
